 Dungeon Crawl Stone Soup version 0.27-a0-909-g0721f309d1 (webtiles) character file.

Game seed: 10814821147285091025

79 Alarkh the Insei (level 4, -1/26 (35) HPs)
             Began as a Demonspawn Gladiator on Apr 8, 2021.
             Slain by Terence
             ... wielding a +0 morningstar of draining
              (6 damage)
             ... on level 2 of the Dungeon.
             The game lasted 00:02:05 (1461 turns).

Alarkh the Insei (Demonspawn Gladiator)             Turns: 1461, Time: 00:02:05

HP:   -1/26 (35)    AC:  4    Str: 14    XL:     4   Next: 16%
MP:   4/4           EV: 12    Int: 10    God:
Gold: 39            SH:  0    Dex: 15    Spells: 3/3 levels left

rFire    . . .     SeeInvis .     - Unarmed
rCold    . . .     Faith    .   (no shield)
rNeg     . . .     Spirit   .   a - +0 leather armour
rPois    .         Reflect  .   b - +0 helmet
rElec    .         Harm     .   (no cloak)
rCorr    .         Rampage  .   (no gloves)
Will     .....                  (no boots)
Stlth    +.........             (no amulet)
HPRegen  0.08/turn              (no ring)
MPRegen  0.09/turn              (no ring)

@: very heavily drained
A: ignite blood 1, powered by death 1
a: no special abilities


You were on level 2 of the Dungeon.
You visited 1 branch of the dungeon, and saw 2 of its levels.

You collected 39 gold pieces.

Inventory:

Missiles
 c - 3 throwing nets (quivered)
 e - 17 poisoned darts
Armour
 a - a +0 leather armour (worn)
 b - a +0 helmet (worn)
Scrolls
 d - a scroll of immolation {unknown}
 h - a scroll of fog {unknown}
 i - a scroll of enchant armour {unknown}
 k - a scroll of magic mapping {unknown}
Potions
 f - a potion of heal wounds {unknown}
 j - a potion of attraction


   Skills:
 + Level 3.0 Fighting
 - Level 1.7 Throwing
 - Level 2.6 Dodging
 * Level 4.1 Unarmed Combat


You had 3 spell levels left.
You didn't know any spells.
Your spell library was empty.

Dungeon Overview and Level Annotations

Branches:
Dungeon (2/15)

Altars:

Annotations:
D:2 Terence


Innate Abilities, Weirdness & Mutations

Your demonic aura sometimes causes spilled blood to erupt in flames You regenerate a little health from kills.


Message History

Terence shouts!
It was a potion of attraction.
You feel attractive to monsters.
It was a potion of brilliance.
You feel clever all of a sudden.
A quokka comes into view.
Terence hits you with a +0 morningstar of draining!
You feel drained. The quokka is pulled toward you!
The quokka is pulled toward you! The quokka is pulled toward you!
Terence is pulled toward you! The quokka is pulled toward you!
The quokka is pulled toward you!
Terence hits you with a +0 morningstar of draining.
You feel drained. Terence is pulled toward you!
The quokka is pulled toward you!
Terence hits you with a +0 morningstar of draining!
* * * LOW HITPOINT WARNING * * *
You feel drained. The quokka is pulled toward you!
Terence is pulled toward you! The quokka is pulled toward you!
The quokka is pulled toward you! The quokka is pulled toward you!
You feel less attractive to monsters.
There is an open door here.
There is an open door here.
You feel a little less clever now.
You see here a frilled lizard corpse.
The quokka twitches its whiskers.
Terence says, "Don't bother to defend, it's senseless."
Terence hits you but does no damage.
You feel drained.
Terence shouts, "Get ready for death!"
Terence looks scornfully at you. Terence looks scornfully at you.
There is an open door here.
You open the door.
Terence hits you with a +0 morningstar of draining!
Ouch! That really hurt!
* * * LOW HITPOINT WARNING * * *
You feel drained.
You die...

< .# ##+## #.. .# ##...##
..## .### ##.....## ....
.#.## ##.......## #..##
....####.........####...###
.......'.......<@'........
....####........@####...#
.#.## ##.....r.## ##..#
.### ##.....## #...## .#
##...## #....# .# ##'##
#....# .# #.# ####.# .#
#.##########.# .#
##r........##.#


You could see Terence and a quokka.

Vanquished Creatures
  Robin (D:2)
  An adder (D:2)
  An adder zombie (D:2)
  6 ball pythons
  3 endoplasms
  A giant cockroach (D:1)
  10 goblins
  9 hobgoblins
  4 jackals (D:1)
  2 kobolds (D:1)
  4 bats (D:1)
  3 frilled lizards
  2 rats (D:1)
47 creatures vanquished.

Notes
Turn   | Place    | Note
-------+----------+-------------------------------------------
     0 | D:1      | Alarkh the Demonspawn Gladiator began the quest for the
                  | Orb.
     0 | D:1      | Reached XP level 1. HP: 16/16 MP: 1/1
   116 | D:1      | Reached skill level 3 in Unarmed Combat
   157 | D:1      | Gained mutation: You regenerate a little health from kills.
                  | [demonic ancestry]
   157 | D:1      | Reached XP level 2. HP: 17/22 MP: 2/2
   277 | D:1      | Found a faded altar of an unknown god.
   628 | D:1      | Gained mutation: Your demonic aura sometimes causes spilled
                  | blood to erupt in flames [demonic ancestry]
   628 | D:1      | Reached XP level 3. HP: 21/28 MP: 3/3
   971 | D:2      | Noticed Robin
   992 | D:2      | Killed Robin
   995 | D:2      | Reached skill level 4 in Unarmed Combat
  1064 | D:2      | Reached XP level 4. HP: 25/34 MP: 4/4
  1333 | D:2      | Noticed Terence
  1461 | D:2      | Slain by Terence

Illustrated notes

Levels and vault maps discovered:
D:1:      eino_arrival_cavern_a, layout_rooms, basic_ecumenical_altar,
          skrybe_limestone_x
D:2:      layout_loops_corners, kennysheep_minor_cross, uniq_robin, uniq_terence

Skill      XL: |  1  2  3  4 |
---------------+-------------+-----
Unarmed Combat | 3 4 |  4.1
Fighting       | 3 |  3.0
Throwing       | |  1.7
Dodging        | |  2.6

Action                   |  1- 3 |  4- 6 || total
-------------------------+-------+-------++-------
Melee: Unarmed           |   164 |     7 ||   171
       Punch             |     1 |       ||     1
  Use: Potion            |     1 |     2 ||     3
 Stab: Sleeping          |     2 |       ||     2
Armor: Leather armour    |    44 |     1 ||    45
       Skin              |    41 |       ||    41
Dodge: Dodged            |   101 |     3 ||   104

Table legend: (Time is in decaauts)
 A = Elapsed time spent in this place.
 B = Non-inter-level travel time spent in this place.
 C = Inter-level travel time spent in this place.
 D = Time resting spent in this place.
 E = Time spent auto-exploring this place.
 F = Levels seen in this place.
 G = Mean time per level.
                   A        B        C        D        E       F      G
               +--------+--------+--------+--------+--------+-----+--------+
         Total |   1449 |   1434 |     15 |     15 |   1024 |   2 |  724.5 |
       Dungeon |   1449 |   1434 |     15 |     15 |   1024 |   2 |  724.5 |
               +--------+--------+--------+--------+--------+-----+--------+

Top non-repeatable levels by time:
     D:1: 846 daAuts
     D:2: 603 daAuts
